 Dungeon Crawl Stone Soup version 0.22-a0-3-g4fa69d9 (webtiles) character file.

234 theanonym the Ruffian (level 6, -1/91 HPs)
             Began as an Ogre Transmuter on Jan 1, 2018.
             Killed from afar by an orc wizard (5 damage)
             ... with a magic dart
             ... on level 4 of the Dungeon.
             The game lasted 00:07:26 (2652 turns).

theanonym the Ruffian (Ogre Transmuter)             Turns: 2652, Time: 00:07:28

Health: -1/91      AC: 23    Str: 20    XL:     6   Next: 5%
Magic:  9/18       EV:  1    Int: 16    God:
Gold:   156        SH:  0    Dex: 14    Spells: 3/9 levels left

rFire    . . .     SeeInvis .     - Unarmed
rCold    . . .     Gourm    .   (no shield)
rNeg     + + +     Faith    .   (armour currently unavailable)
rPois    +         Spirit   .   (helmet currently unavailable)
rElec    .         Reflect  .   (cloak currently unavailable)
rCorr    .         Harm     .   (gloves unavailable)
MR       .....     NoTele   +   (boots unavailable)
Stlth    ++........             (no amulet)
HPRegen  0.25/turn              l - ring of magical power {MP+9}
MPRegen  0.16/turn              (no ring)

@: mighty, agile, tree-form
A: large, unfitting armour
a: no special abilities


Innate Abilities, Weirdness & Mutations

You are too large for most types of armour.
((You have tough skin. (AC +1)))


   Skills:
 + Level 3.5 Fighting
 - Level 1.7 Dodging
 * Level 4.3 Unarmed Combat
 - Level 2.4 Spellcasting
 + Level 2.9 Transmutations
 + Level 1.9 Poison Magic


You had 3 spell levels left.
You knew the following spells:

 Your Spells              Type           Power        Failure   Level  Hunger
a - Beastly Appendage     Tmut           ##....       6%          1    #......
b - Sticks to Snakes      Tmut           ##......     9%          2    ###....
c - Spider Form           Tmut/Pois      #.........   22%         3    ###....

Skill      XL: |  1  2  3  4  5 |
---------------+----------------+-----
Unarmed Combat | 3 4 |  4.3
Transmutations | 2 |  2.9
Fighting       | 2 3 |  3.5
Poison Magic   | 1 |  1.9
Dodging        | |  1.7
Spellcasting   | |  2.4

Action                   |  1- 3 |  4- 6 || total
-------------------------+-------+-------++-------
Melee: Unarmed           |   131 |   163 ||   294
       Kick              |     3 |       ||     3
       Headbutt          |     1 |       ||     1
 Cast: Beastly Appendage |     5 |       ||     5
       Spider Form       |     2 |    11 ||    13
       Sticks to Snakes  |       |     4 ||     4
  Use: Scroll            |     4 |       ||     4
       Potion            |       |     4 ||     4
 Stab: Sleeping          |       |     1 ||     1
  Eat: Chunk             |     2 |     6 ||     8
Armor: Robe              |    24 |    52 ||    76
       Skin              |     1 |     9 ||    10
Dodge: Dodged            |    76 |   118 ||   194

Inventory:

Missiles
 a - 31 arrows
Armour
 j - a +0 robe (melded) {0}
   (You found it on level 1 of the Dungeon)
Jewellery
 b - a +2 ring of protection {unknown}
   (You took it off a goblin on level 2 of the Dungeon)
 l - a ring of magical power (left branch) {MP+9}
   (You found it on level 1 of the Dungeon)
Scrolls
 d - 3 scrolls of identify {unknown}
 f - a scroll of fog
 h - a scroll of immolation {unknown}
 o - a scroll of amnesia {unknown}
 t - 2 scrolls of teleportation {!r}
Potions
 i - a potion of might
 m - a potion of agility
 n - a potion of lignification
Books
 c - a book of Changes
Comestibles
 e - 7 rations
 g - a chunk of flesh


You were on level 4 of the Dungeon.
You were hungry.
You were a tree.
You visited 1 branch of the dungeon, and saw 4 of its levels.

You collected 156 gold pieces.

Dungeon Overview and Level Annotations

Branches:
Dungeon (4/15)
 Temple: D:4-7

Altars:
Kikubaaqudgha
Trog

Annotations:
D:4 1 transporter

#+# . #.# .. #.#
...####.#### ..©..
.........######.....
#.oo...#........#
...#)S♣S..#........#
...........#........#
...#.##+#'##........#
. #.##.#.##........#
..................#
##.##...##........#
#..#†#........#
....#..........#
...#.##..........#


You could see an orc priest, an orc wizard and 2 friendly ball pythons.

Notes
Turn   | Place    | Note
-------+----------+-------------------------------------------
     0 | D:1      | theanonym the Ogre Transmuter began the quest for the Orb.
     0 | D:1      | Reached XP level 1. HP: 19/19 MP: 3/3
   209 | D:1      | Reached XP level 2. HP: 28/28 MP: 5/5
   228 | D:1      | Reached skill level 3 in Unarmed Combat
   228 | D:1      | Reached skill level 2 in Transmutations
   232 | D:1      | Learned a level 2 spell: Sticks to Snakes
   433 | D:1      | Reached skill level 2 in Fighting
   781 | D:2      | Reached XP level 3. HP: 30/35 MP: 6/6
   860 | D:2      | Found an ancient bone altar of Kikubaaqudgha.
   869 | D:2      | HP: 17/35 [adder (2)]
   874 | D:2      | HP: 9/35 [poisoned by an adder]
   882 | D:2      | HP: 8/36 [poisoned by an adder]
  1113 | D:2      | Learned a level 3 spell: Spider Form
  1263 | D:2      | Noticed Robin
  1350 | D:2      | Reached XP level 4. HP: 44/44 MP: 7/7
  1354 | D:2      | Killed Robin
  1354 | D:2      | Reached skill level 1 in Poison Magic
  1972 | D:3      | Found a bloodstained altar of Trog.
  2369 | D:3      | Reached XP level 5. HP: 51/52 MP: 8/8
  2499 | D:4      | Reached skill level 3 in Fighting
  2499 | D:4      | Reached skill level 4 in Unarmed Combat
  2618 | D:4      | Found a transporter.
  2646 | D:4      | HP: 20/53 [orc priest/divine providence (13)]
  2648 | D:4      | Reached XP level 6. HP: 35/61 MP: 8/9
  2651 | D:4      | HP: 4/91 [orc priest/divine providence (11)]
  2652 | D:4      | Killed from afar by an orc wizard

Vanquished Creatures
  A scorpion (D:4)
  A bullfrog skeleton (D:4)
  2 orc wizards (D:4)
  Robin (D:2)
  An adder (D:2)
  4 dart slugs
  3 leopard geckos
  An orc (D:3)
  7 bats
  5 giant cockroaches
  25 goblins
  7 hobgoblins
  7 kobolds
  2 quokkas (D:2)
  2 ball pythons
  4 frilled lizards
  10 rats
83 creatures vanquished.

Vanquished Creatures (collateral kills)
  An orc (D:4)
1 creature vanquished.

Grand Total: 84 creatures vanquished

Table legend:
 A = Turns spent in this place as a percentage of turns spent in the entire game.
 B = Non-inter-level travel turns spent in this place as a percentage of non-inter-level travel turns spent in the entire game.
 C = Inter-level travel turns spent in this place as a percentage of turns spent in this place.
 D = Turns resting spent in this place as a percentage of non-inter-level travel turns spent in this place.
 E = Turns spent auto-exploring this place as a percentage of non-inter-level travel turns spent in this place.
 F = Non-inter-level travel turns spent in this place divided by the number of levels of this place that you've seen.
                   A       B       C       D       E      F
               +-------+-------+-------+-------+-------+----------------------
         Total | 100.0 | 100.0 |   2.7 |  26.6 |  48.9 | 645.0
       Dungeon | 100.0 | 100.0 |   2.7 |  26.6 |  48.9 | 645.0
               +-------+-------+-------+-------+-------+----------------------
